 Dungeon Crawl Stone Soup version 0.29-a0-1047-g7c58e119a4 (webtiles) character file.

Game seed: 15207326650200875134

7306 nickcage the Devastator (level 11, -4/54 HPs)
             Began as a Tengu Conjurer on Aug 16, 2022.
             Was a Believer of Vehumet.
             Slain by a wyvern (13 damage)
             ... on level 9 of the Dungeon.
             The game lasted 00:49:02 (13148 turns).

nickcage the Devastator (Tengu Conjurer)           Turns: 13148, Time: 00:49:03

Health: -4/54      AC: 10    Str:  9    XL:     11   Next: 13%
Magic:  22/25      EV: 14    Int: 22    God:    Vehumet [**....]
Gold:   1472       SH:  0    Dex: 15    Spells: 11/28 levels left

rFire   . . .      SeeInvis .   H - +5 halberd (freeze)
rCold   + . .      Faith    .   (shield currently unavailable)
rNeg    . . .      Spirit   .   a - +1 robe
rPois   .          Reflect  .   (helmet restricted)
rElec   .          Harm     .   (no cloak)
rCorr   .          Rampage  .   i - +2 pair of gloves
Will    .....                   (boots unavailable)
Stlth   ++........              (no amulet)
HPRegen 0.18/turn               c - ring of wizardry
MPRegen 0.19/turn               D - ring "Qurheox" {rC+ AC+4 Dex+3}

@: marked, flying quickly and evasively, quick
A: beak, talons 3, nimble flight
a: Renounce Religion


You were on level 9 of the Dungeon.
You worshipped Vehumet.
Vehumet was pleased with you.
You visited 2 branches of the dungeon, and saw 10 of its levels.
You also visited: Ossuary and Bailey.

You collected 1472 gold pieces.

Inventory:

Hand Weapons
 e - a +0 vampiric dagger
 h - a +0 rapier
 y - a +1 spectral long sword
 G - a +5 halberd
 H - a +5 halberd of freezing (weapon)
Armour
 a - a +1 robe (worn)
 i - a +2 pair of gloves (worn)
 F - a +0 buckler
Jewellery
 c - a ring of wizardry (left hand)
 D - the ring "Qurheox" (right hand) {rC+ AC+4 Dex+3}
   (You found it in a bailey)

   [ring of protection]

   AC:        It affects your AC (+4).
   Dex:       It affects your dexterity (+3).
   rC:        It protects you from cold.
Wands
 v - a wand of polymorph (8)
 J - a wand of charming (4)
Scrolls
 f - a scroll of vulnerability
 g - 2 scrolls of poison
 j - a scroll of fear
 l - 2 scrolls of silence
 o - 2 scrolls of immolation
 q - 3 scrolls of enchant weapon
 z - 3 scrolls of teleportation
 A - a scroll of magic mapping
 B - 3 scrolls of fog
 E - a scroll of torment
 I - 2 scrolls of identify
 K - a scroll of amnesia
Potions
 b - 2 potions of magic
 d - 2 potions of might
 k - 7 potions of heal wounds
 m - 3 potions of mutation
 n - a potion of attraction
 p - 6 potions of curing
 r - a potion of ambrosia
 s - a potion of resistance
 t - a potion of cancellation
 u - a potion of degeneration
 w - 3 potions of haste
 x - 3 potions of lignification
 C - a potion of berserk rage {unknown}


   Skills:
 - Level 2.1 Dodging
 - Level 2.0 Stealth
 + Level 9.2 Spellcasting
 * Level 17.9 Conjurations
 + Level 1.0 Air Magic


You had 11 spell levels left.
You knew the following spells:

 Your Spells              Type           Power      Damage    Failure   Level
a - Magic Dart            Conj           100%       1d8       0%          1
b - Searing Ray           Conj           100%       2d8       0%          2
c - Fulminant Prism       Conj/Hex       24%        3d13      1%          4
d - Iskenderun's Mystic   Conj/Tloc      49%        2d11      1%          4
e - Mephitic Cloud        Conj/Pois/Air  38%        N/A       1%          3
f - Stone Arrow           Conj/Erth      98%        3d13      1%          3

Your spell library contained the following spells:

 Spells                   Type           Power      Damage    Failure   Level
 Scorch                   Fire           20%        2d6       4%          2
 Dazzling Flash           Conj/Hex       98%        N/A       1%          3
 Apportation              Tloc           20%        N/A       2%          1
 Necrotise                Necr           40%        1d6       2%          1
 Sandblast                Erth           20%        2d7       2%          1
 Sting                    Tmut/Pois      40%        1d5       2%          1
 Summon Small Mammal      Summ           40%        N/A       2%          1
 Poisonous Vapours        Pois/Air       24%        N/A       3%          2
 Call Imp                 Summ           10%        N/A       4%          2
 Passwall                 Tmut/Erth      8%         N/A       4%          2
 Corpse Rot               Necr/Pois/Air  11%        N/A       22%         4
 Animate Dead             Necr           10%        N/A       26%         4
 Cause Fear               Hex            5%         N/A       26%         4
 Alistair's Intoxication  Tmut/Pois      6%         N/A       56%         5
 Borgnjor's Vile Clutch   Necr/Erth      5%         N/A       56%         5
 Death Channel            Necr           5%         N/A       98%         6
 Eringya's Noxious Bog    Tmut/Pois      5%         N/A       98%         6
 Lehudib's Crystal Spear  Conj/Erth      24%        10d7      98%         8
 Dragon Form              Tmut           5%         N/A       100%        7
 Dragon's Call            Summ           5%         N/A       100%        9


Dungeon Overview and Level Annotations

Branches:
Dungeon (9/15)             Temple (1/1) D:5            Lair (0/5) D:9
Ossuary (visited)          Bailey (visited)
    Orc: D:9-12

Altars:
Ashenzari
Cheibriados
Dithmenos
Elyvilon
Fedhas
Gozag
Hepliaklqana
Kikubaaqudgha
Makhleb
Nemelex Xobeh
Okawaru
Qazlal
Ru
Trog
Uskayaw
Vehumet
Wu Jian
Xom
Yredelemnul
Zin
The Shining One

Shops:
D:8 ?*=


Innate Abilities, Weirdness & Mutations

You have a beak for a mouth.
You have claws for feet.
Your magical nature lets you fly swiftly and evasively.


Message History

Things that are here:
a +0 dagger; 5 poisoned darts A sourceless malevolence fills the Dungeon...
With a horrendous wail, an alarm goes off!
A sentinel's mark forms upon you.
You hear a bellow!
You hear a shout!
You hear an angry hiss.
Things that are here:
a +0 dagger; an orc corpse A centaur is nearby!
Found a staircase to the Lair.
The centaur shoots an arrow.
The arrow barely misses you.
A red devil and a wyvern come into view.
The centaur unwields a +0 shortbow.
The centaur closely misses you. The centaur completely misses you.
The wyvern moves out of view.
Casting: Magic Dart (safe; 0% risk of failure)
Confirm with . or Enter, or press ? or * to list all spells.
You erupt in a blast of force!
The mystic blast hits the centaur!
The centaur is heavily wounded.
The centaur is knocked back by the mystic blast.
The centaur slams into the rock wall!
The centaur is severely wounded.
The centaur closely misses you. The centaur barely misses you.
The stone arrow hits the centaur!!
You kill the centaur!
Vehumet accepts your kill.
You feel your power returning. The wyvern attacks as you move away!
The wyvern bites you. The wyvern bites you!
You see here a rat corpse.
The wyvern closely misses you. The wyvern bites you.
The wyvern attacks as you move away! The wyvern bites you!
The wyvern misses you. The wyvern attacks as you move away!
The wyvern bites you!
* * * LOW HITPOINT WARNING * * *
The wyvern attacks as you move away! The wyvern bites you.
* * * LOW HITPOINT WARNING * * *
The wyvern attacks as you move away! The wyvern barely misses you.
The wyvern bites you!
You die...

#####....# #.......Y.......
#........####........
#.........##.........
#..........#.........
.###..........[.......#..
.......###................
.............)(............
............................
.........<(..@l...............
.........).)..........[.>.....
...........(..................
.................Y......#.....
................(.......#...#.
.....<..........).4.........#.
...........................#.
######...#...........†...##.
#....#.........#.†....)#


You could see a death yak, a red devil and a wyvern.

Vanquished Creatures
  2 death yaks (D:8)
  An ice devil (D:9)
  A hornet (D:8)
  6 yaks (D:8)
  A ynoxinul (D:9)
  A chaos spawn (D:9)
  A steam dragon (D:8)
  Duvessa (D:7)
  7 orc warriors
  An ice beast (D:6)
  3 black bears
  2 sky beasts
  2 ogres
  2 phantoms
  3 centaurs
  3 kobold brigands (D:9)
  An elf zombie (Ossuary)
  2 bullfrogs
  A scorpion (D:4)
  3 necrophages
  14 wights (D:8)
  Dowan (D:7)
  3 electric eels (D:8)
  3 jellies
  2 hounds (D:5)
  4 quasits (D:9)
  4 orc priests
  A gnoll bouda (D:8)
  2 iguanas (D:5)
  4 hell rats
  Natasha (thrice) (D:3)
  2 orc wizards
  A hound zombie (Ossuary)
  5 mummies
  Robin (D:2)
  4 gnolls
  9 adders
  2 shadow imps
  An ufetubus (D:6)
  2 adder zombies (Ossuary)
  A worm (D:4)
  5 dart slugs
  25 orcs
  6 endoplasms
  4 giant cockroaches
  2 gnoll zombies (Ossuary)
  12 goblins
  11 hobgoblins
  3 jackals (D:3)
  31 kobolds
  A quokka (D:9)
  6 ball pythons
  7 bats
  2 frilled lizards (D:2)
  2 goblin zombies (D:6)
  2 hobgoblin zombies (Ossuary)
  A kobold zombie (Ossuary)
  2 orc zombies (Ossuary)
  8 rats
  A rat zombie (Ossuary)
244 creatures vanquished.

Vanquished Creatures (others)
  3 demonic plants (D:9)
  11 fulminant prisms
  5 plants (D:8)
19 creatures vanquished.

Grand Total: 263 creatures vanquished

Notes
Turn   | Place    | Note
-------+----------+-------------------------------------------
     0 | D:1      | nickcage the Tengu Conjurer began the quest for the Orb.
     0 | D:1      | Reached XP level 1. HP: 10/10 MP: 4/4
   272 | D:1      | Found a faded altar of an unknown god.
   313 | D:1      | Reached XP level 2. HP: 15/15 MP: 1/6
   320 | D:1      | Learned a level 2 spell: Searing Ray
   580 | D:1      | Reached skill level 6 in Conjurations
  1106 | D:1      | Reached XP level 3. HP: 19/19 MP: 5/7
  1344 | D:2      | Noticed Robin
  1575 | D:2      | Killed Robin
  1696 | D:2      | Reached XP level 4. HP: 24/24 MP: 3/8
  1953 | D:2      | Reached skill level 7 in Conjurations
  2039 | D:2      | Learned a level 4 spell: Fulminant Prism
  2463 | D:3      | Noticed Natasha
  2467 | D:3      | Killed Natasha
  2468 | D:3      | Gained mutation: Your magical nature lets you fly swiftly
                  | and evasively. [Tengu growth]
  2468 | D:3      | Reached XP level 5. HP: 21/28 MP: 4/10
  2767 | D:3      | Noticed Natasha
  2774 | D:3      | Killed Natasha
  2775 | D:3      | Reached skill level 8 in Conjurations
  2950 | D:3      | Noticed a black bear
  2956 | D:3      | Killed a black bear
  2957 | D:3      | Reached XP level 6. HP: 25/32 MP: 2/11
  3053 | D:3      | Noticed Natasha
  3062 | D:3      | Reached skill level 9 in Conjurations
  3063 | D:3      | Killed Natasha
  3165 | D:3      | HP: 1/32 [something (2)]
  3650 | D:4      | Learned a level 4 spell: Iskenderun's Mystic Blast
  3872 | D:4      | Reached XP level 7. HP: 33/36 MP: 1/13
  3986 | D:4      | Reached skill level 10 in Conjurations
  4182 | D:4      | Identified the -2 helmet of the Battered Wars {Harm rF-
                  | SInv}
  5356 | D:5      | Entered Level 5 of the Dungeon
  5493 | D:5      | Found a staircase to the Ecumenical Temple.
  5505 | Temple   | Entered the Ecumenical Temple
  5592 | D:5      | Reached skill level 11 in Conjurations
  6124 | D:5      | Reached XP level 8. HP: 34/41 MP: 9/15
  6430 | D:5      | Reached skill level 12 in Conjurations
  6684 | D:6      | Found a sand-covered staircase.
  6692 | Ossuary  | Entered an ossuary
  6699 | Ossuary  | Reached skill level 5 in Spellcasting
  7176 | D:6      | Found a burning altar of Makhleb.
  7282 | D:6      | Reached skill level 13 in Conjurations
  7631 | D:6      | Identified a scroll of acquirement
  7631 | D:6      | Acquired 882 gold pieces
  7900 | D:7      | Found a flagged portal.
  7908 | D:7      | Reached XP level 9. HP: 21/45 MP: 13/18
  8044 | Bailey   | Entered a bailey
  8074 | Bailey   | Noticed an orc warlord
  8482 | Bailey   | Found a runed translucent gate.
  8483 | Bailey   | Found a runed translucent gate.
  8485 | Bailey   | Found a runed translucent gate.
  8652 | Bailey   | Learned a level 3 spell: Mephitic Cloud
  8656 | Bailey   | Learned a level 3 spell: Stone Arrow
  8762 | Bailey   | Identified the ring "Qurheox" {rC+ AC+4 Dex+3}
  8796 | D:7      | Acquired the Parchment of the Septic Caves
  8861 | D:7      | Reached skill level 14 in Conjurations
  8964 | D:7      | Noticed Dowan
  8965 | D:7      | Noticed Duvessa
  8970 | D:7      | Killed Duvessa
  8973 | D:7      | Killed Dowan
  9420 | D:7      | Found a radiant altar of Vehumet.
  9424 | D:7      | Became a worshipper of Vehumet
  9481 | D:8      | Found Zepsicucizy's Jewellery Shoppe.
  9492 | D:8      | Found Pipy's Assorted Antiques.
  9533 | D:8      | Reached skill level 15 in Conjurations
  9692 | D:8      | Reached XP level 10. HP: 36/50 MP: 10/21
 10261 | D:8      | Reached skill level 16 in Conjurations
 10261 | D:8      | Reached skill level 1 in Air Magic
 10514 | D:8      | Found Sif Poum's Magic Scroll Shop.
 11181 | D:8      | Reached * piety under Vehumet
 11181 | D:8      | Offered knowledge of Foxfire by Vehumet.
 11642 | D:9      | Noticed a death yak
 11671 | D:8      | Killed a death yak
 11672 | D:8      | Reached skill level 17 in Conjurations
 11837 | D:9      | Noticed a death yak
 12161 | D:8      | Killed a death yak
 12383 | D:9      | Noticed a death yak
 12535 | D:9      | Reached XP level 11. HP: 54/54 MP: 8/25
 12949 | D:9      | Reached ** piety under Vehumet
 12996 | D:9      | Offered knowledge of Scorch by Vehumet.
 13126 | D:9      | Found a staircase to the Lair.
 13148 | D:9      | Slain by a wyvern

Illustrated notes

Levels and vault maps discovered:
D:1:      minmay_arrival_hallway, layout_loops_corners,
          ebering_ecumenical_altar_sacrificial
D:2:      layout_loops_cross, uniq_robin
D:3:      layout_basic, uniq_natasha
D:4:      layout_layer_cave, serial_park_tiny_1
D:5:      layout_basic, minmay_temple_entry_statues_fountains, moated_statue,
          minmay_misc_feat_enclosed, kennysheep_generic_room_3
D:6:      layout_loops_ring, makhleb_grotto_becter, nicolae_ossuary_entry_giza
D:7:      layout_rooms, kennysheep_mini_moat, enter_bailey_2, uniq_duvessa
D:8:      layout_loops_ring, serial_shops, nicolae_stop_n_shop_2,
          nicolae_shop_advertising_works [nicolae_subvault_shop_adworks],
          nicolae_shop_crystal, minmay_misc_feat_columns, serial_bayou_ford_a
D:9:      layout_cross, dpeg_lair_monsters, serial_demonic, serial_demonic_c,
          serial_demonic_a, serial_demonic_g, serial_demonic_d
Temple:   hellmonk_temple_of_storms

Skill      XL: |  1  2  3  4  5  6  7  8  9 10 |
---------------+-------------------------------+-----
Conjurations   | 6 7 8 9 11 13 15 17 | 17.9
Spellcasting   | 3 4 5 7 9 |  9.2
Air Magic      | 1 |  1.0
Dodging        | |  2.1
Stealth        | |  2.0

Action                   |  1- 3 |  4- 6 |  7- 9 | 10-12 || total
-------------------------+-------+-------+-------+-------++-------
Melee: Dagger            |     7 |     6 |    16 |       ||    29
       Kick              |     3 |     1 |    16 |     2 ||    22
       Peck              |     1 |       |     6 |     1 ||     8
       Long sword        |       |       |    30 |     3 ||    33
       Halberd           |       |       |       |     1 ||     1
 Cast: Magic Dart        |    74 |    64 |   118 |    76 ||   332
       Searing Ray       |       |    13 |    32 |     4 ||    49
       Fulminant Prism   |       |       |     6 |     5 ||    11
       Iskenderun's Myst |       |       |     5 |     8 ||    13
       Stone Arrow       |       |       |    11 |    74 ||    85
       Mephitic Cloud    |       |       |     1 |       ||     1
  Use: Scroll            |       |       |    30 |       ||    30
 Stab: Distracted        |       |       |     2 |       ||     2
Armor: Robe              |     2 |     5 |    29 |    17 ||    53
Dodge: Dodged            |    10 |    13 |    62 |    46 ||   131

Table legend: (Time is in decaauts)
 A = Elapsed time spent in this place.
 B = Non-inter-level travel time spent in this place.
 C = Inter-level travel time spent in this place.
 D = Time resting spent in this place.
 E = Time spent auto-exploring this place.
 F = Levels seen in this place.
 G = Mean time per level.
                   A        B        C        D        E       F      G
               +--------+--------+--------+--------+--------+-----+--------+
         Total |  12681 |  12450 |    231 |   3374 |   7107 |  12 | 1056.8 |
       Dungeon |  11526 |  11295 |    231 |   3092 |   6711 |   9 | 1280.7 |
        Temple |     71 |     71 |      0 |      0 |     40 |   1 |   71.0 |
       Ossuary |    370 |    370 |      0 |    106 |     97 |   1 |  370.0 |
        Bailey |    713 |    713 |      0 |    176 |    258 |   1 |  713.0 |
               +--------+--------+--------+--------+--------+-----+--------+

Top non-repeatable levels by time:
     D:8: 2683 daAuts
     D:4: 1648 daAuts
     D:1: 1357 daAuts
     D:7: 1174 daAuts
     D:3: 1142 daAuts
     D:2: 1106 daAuts
     D:5: 1026 daAuts
     D:6: 866 daAuts
  Bailey: 713 daAuts
     D:9: 523 daAuts
 Ossuary: 370 daAuts
  Temple: 71 daAuts
